 Dungeon Crawl Stone Soup version 0.16-a0-129-gbf5829b (webtiles) character file.

119 Sachiko the Fey Minotaur (level 4, -3/38 HPs)
             Began as a Minotaur Death Knight on Aug 13, 2014.
             Was a Believer of Yredelemnul.
             Slain by a hobgoblin
             ... wielding a +0 club
              (5 damage)
             ... on Level 4 of the Dungeon.
             The game lasted 00:08:22 (2421 turns).

Sachiko the Fey Minotaur (Minotaur Death Knight)    Turns: 2421, Time: 00:08:22

HP  -3/38        AC  4     Str 19      XL: 4   Next: 74%
MP   5/5         EV 11     Int  8      God: Yredelemnul [**....]
Gold 180         SH  0     Dex  9      Spells:  0 memorised,  3 levels left

rFire  . . .     SeeInvis .     a - +2 falchion
rCold  . . .     Clarity  .     p - +0 leather armour (curse)
rNeg   . . .     rCorr    .     (no shield)
rPois  .         rRot     .     (helmet restricted)
rElec  .         Spirit   .     (no cloak)
SustAb .         Warding  .     u - +0 pair of gloves
rMut   .         Stasis   .     (no boots)
Gourm  .                        (no amulet)
MR     +....                    (no ring)
                                r - ring of protection from magic

@: about to teleport, somewhat resistant to hostile enchantments, very
unstealthy
A: retaliatory headbutt, horns 2
a: Animate Remains, Recall Undead Slaves, Injury Mirror, Renounce Religion


You were on level 4 of the Dungeon.
You worshipped Yredelemnul.
Yredelemnul was pleased with you.
You were hungry.

You visited 1 branch of the dungeon, and saw 4 of its levels.

You collected 180 gold pieces.

Inventory:

Hand weapons
 a - a +2 falchion (weapon)
Armour
 b - a +0 leather armour
 p - a cursed +0 leather armour (worn)
 u - a +0 pair of gloves (worn)
Comestibles
 c - 3 bread rations
 f - a beef jerky
Scrolls
 k - a scroll of identify
 m - a scroll of random uselessness
 o - a scroll of fear
 s - a scroll of immolation {unknown}
 t - a scroll of enchant weapon
Jewellery
 i - an uncursed ring of teleportation
 r - a ring of protection from magic (left hand)
Potions
 e - a potion of curing {unknown}
 g - a potion of haste
 h - a potion of brilliance {unknown}
 j - a potion of mutation {unknown}
 l - a potion of might {unknown}
 q - a potion of heal wounds {unknown}


   Skills:
 + Level 3.1 Fighting
 + Level 3.4 Long Blades
 + Level 2.6 Armour
 + Level 2.1 Dodging
 + Level 3.7 Invocations


You had 3 spell levels left.
You didn't know any spells.

Dungeon Overview and Level Annotations

Branches:
Dungeon (4/15)
 Temple: D:4-7

Altars:

Annotations:
D:2 Sigmund


Innate Abilities, Weirdness & Mutations

You reflexively headbutt those who attack you in melee.
You have a pair of horns on your head.


Message History

* * * LOW HITPOINT WARNING * * *
The hobgoblin hits you with a club.
* * * LOW HITPOINT WARNING * * *
Yredelemnul accepts your slave's kill.
You feel a bit more experienced.
Read which item? (? for menu, Esc to quit)
Okay, then.
Read which item? (? for menu, Esc to quit)
As you read the scroll of teleportation, it crumbles to dust.
You feel strangely unstable. The quokka skeleton closely misses you.
You furiously retaliate!
You headbutt the quokka skeleton. The hobgoblin barely misses you.
You barely miss the hobgoblin. The quokka skeleton barely misses you.
The phantom hits you but does no damage.
The hobgoblin closely misses you.
You hit the hobgoblin but do no damage.
The quokka skeleton bites you but does no damage.
The phantom blinks!
The hobgoblin hits you with a club.
You die...
Your body rises from the dead as a mindless zombie.

#≈≈≈............
#≈#≈............
#≈≈≈≈...........
#≈#≈........###.
#≈#≈...........
#...#..##.....
#######...##.# .....#
.....oZ....##§##.....#
......Z....##@#.?....#
....r....r.##gZr.....#
....#.###.(##.....(.#
### #.o.....#oW.<...#
#######.........#
#.........#
##........# ##.......#
#.......#


You could see a phantom, an orc, a hobgoblin, a rat and a quokka skeleton.

Vanquished Creatures
  An iguana (D:4)
  4 adders
  An iguana skeleton (D:4)
  3 giant geckos
  An ooze (D:1)
  An orc (D:3)
  2 giant cockroaches
  7 hobgoblins
  3 kobolds
  2 quokkas (D:3)
  6 bats
  4 giant newts
  4 goblins
  2 jackals (D:3)
  8 rats
49 creatures vanquished.

Vanquished Creatures (collateral kills)
  An orc (D:4)
  A rat (D:1)
2 creatures vanquished.

Vanquished Creatures (others)
  An iguana zombie (D:4)
  A kobold zombie (D:4)
  2 rat zombies
4 creatures vanquished.

Grand Total: 55 creatures vanquished

Notes
Turn   | Place    | Note
--------------------------------------------------------------
     0 | D:1      | Sachiko, the Minotaur Death Knight, began the quest for the Orb.
     0 | D:1      | Reached XP level 1. HP: 18/18 MP: 1/1
   301 | D:1      | Reached skill level 3 in Invocations
   301 | D:1      | Reached XP level 2. HP: 5/25 MP: 1/2
  1025 | D:2      | Noticed Sigmund
  1378 | D:3      | Reached XP level 3. HP: 24/30 MP: 4/4
  1381 | D:3      | Acquired Yredelemnul's second power
  2134 | D:4      | Noticed a scorpion
  2261 | D:4      | Reached XP level 4. HP: 29/38 MP: 2/5
  2387 | D:4      | Noticed a phantom
  2415 | D:4      | HP: 1/38 [hobgoblin/club (4)]
  2421 | D:4      | Slain by a hobgoblin

Action                   |  1- 3 |  4- 6 || total
-------------------------+-------+-------++-------
Melee: Falchion          |    96 |    22 ||   118
Invok: Animate Remains   |    11 |     2 ||    13
  Use: Scroll            |     6 |     1 ||     7
  Eat: Chunk             |     4 |       ||     4
       Fruit             |       |     1 ||     1
